 Dungeon Crawl Stone Soup version 0.29.1-13-g9f3cf754e1 (webtiles) character file.

Game seed: 12077388869712895711

196 promet the Trooper (level 5, -1/29 HPs)
             Began as a Vine Stalker Fighter on Feb 11, 2023.
             Slain by Grinder (5 damage)
             ... on level 4 of the Dungeon.
             The game lasted 00:20:26 (3552 turns).

promet the Trooper (Vine Stalker Fighter)           Turns: 3552, Time: 00:20:27

Health: -1/29      AC:  0    Str: 25    XL:     5   Next: 75%
Magic:  0/2        EV: 11    Int:  8    God:
Gold:   146        SH:  5    Dex: 15    Spells: 4/4 levels left

rFire   . . .      SeeInvis .   s - +3 dagger (antimagic)
rCold   . . .      Faith    .   c - +0 buckler
rNeg    . . .      Spirit   +   (no body armour)
rPois   .          Reflect  .   (no helmet)
rElec   .          Harm     .   (no cloak)
rCorr   .          Rampage  .   (no gloves)
Will    .....                   (no boots)
Stlth   +.........              (no amulet)
HPRegen 0.89/turn               j - ring of flight
MPRegen 0.08/turn               q - +6 ring of strength

@: flying
A: fangs 2, regeneration 1, magic shield, antimagic bite, no potion heal 2
a: no special abilities


You were on level 4 of the Dungeon.
You visited 1 branch of the dungeon, and saw 4 of its levels.

You collected 146 gold pieces.

Inventory:

Hand Weapons
 a - a +0 long sword
 s - a +3 antimagic dagger (weapon)
Missiles
 b - 37 stones
 f - 3 atropa-tipped darts
 l - 6 boomerangs
 n - 2 poisoned darts (quivered)
 t - 3 javelins
Armour
 c - a +0 buckler (worn)
 k - a +0 chain mail
 u - the +1 leather armour "Folekhla" {Dex+4}
   (You found it on level 3 of the Dungeon)

   Dex:       It affects your dexterity (+4).
Jewellery
 j - a ring of flight (left hand)
 q - a +6 ring of strength (right hand)
Wands
 o - a wand of charming (8)
 r - a wand of digging (5)
Potions
 d - a potion of might
 e - a potion of resistance {unknown}
 g - a potion of ambrosia {unknown}
 h - a potion of heal wounds {unknown}
 i - 2 potions of attraction
 m - a potion of curing {unknown}
 p - a potion of haste {unknown}
 v - a potion of brilliance {unknown}


   Skills:
 * Level 3.9 Fighting
 + Level 3.2 Long Blades
 + Level 0.2 Throwing
 + Level 3.0 Armour
 + Level 0.2 Dodging
 + Level 0.1 Stealth
 + Level 3.2 Shields
 + Level 0.1 Evocations


You had 4 spell levels left.
You didn't know any spells.
Your spell library contained the following spells:

 Spells                   Type           Power      Damage    Failure   Level
 Apportation              Tloc           0%         N/A       50%         1
 Necrotise                Necr           0%         1d4       50%         1
 Summon Small Mammal      Summ           0%         N/A       50%         1
 Gell's Gravitas          Tloc           0%         N/A       86%         3
 Teleport Other           Tloc           0%         N/A       86%         3
 Dispersal                Tloc           0%         N/A       100%        6


Dungeon Overview and Level Annotations

Branches:
Dungeon (4/15)
 Temple: D:4-7

Altars:
Trog

Annotations:
D:3 1 runed translucent door, Pargi
D:4 Grinder


Innate Abilities, Weirdness & Mutations

You have extremely sharp teeth.
Your natural rate of healing is unusually fast.
When hurt, damage is shared between your health and your magic reserves.
Your bite disrupts and absorbs the magic of your enemies.
Potions cannot restore your health.


Message History

You aren't carrying any scrolls.
Throw: 3 darts (poison)
Press: ? - help, Q - select action, (/) - cycle Shift-Dir - straight line, f/p - Grinder
Aim: Grinder (poisoned, 55% to hit)
You throw a poisoned dart. The poisoned dart hits Grinder.
Grinder looks even sicker.
Okay, then.
Okay, then.
Press: ? - help, v - describe, . - travel
Here: Grinder (lightly wounded, very poisoned)
The floor.
You feel magic leave you.
s - a +3 antimagic dagger (weapon)
Grinder gestures at you. Pain shoots through your body!
You hit Grinder.
Grinder's magic leaks into the air.
You bite Grinder.
Grinder's magic leaks into the air.
You drain her magic.
Grinder is lightly wounded.
Grinder gestures at you.
You struggle to resist.
You hit Grinder.
Grinder's magic leaks into the air.
Grinder is moderately wounded.
Grinder falters for a moment.
You closely miss Grinder. You bite Grinder, but do no damage.
Grinder is moderately wounded.
Grinder falters for a moment.
You hit Grinder.
Grinder's magic leaks into the air.
Grinder is heavily wounded.
Grinder hits you!
You writhe in agony.
You hit Grinder.
Grinder's magic leaks into the air.
You bite Grinder.
Grinder's magic leaks into the air.
You drain her magic.
You feel invigorated.
Grinder is heavily wounded.
Grinder hits you!
* * * LOW HITPOINT WARNING * * *
You writhe in agony.
* * * LOW HITPOINT WARNING * * *
You hit Grinder.
Grinder's magic leaks into the air.
Your bite misses Grinder.
Grinder is heavily wounded.
Grinder hits you.
You die...

##########
#.(5@....#
#(######.#
#.#....#
#.#.##.#
#....<.#
###.#..#
#.#..#
#.#..#.#.#.
#.#........


You could see Grinder (poisoned, magic disrupted).

Vanquished Creatures
  An orc priest (D:3)
  Natasha (twice) (D:3)
  Ijyb (D:3)
  An adder (D:3)
  3 worms
  4 orcs (D:3)
  2 ball pythons (D:1)
  5 endoplasms
  4 giant cockroaches
  4 goblins
  6 hobgoblins
  7 jackals
  7 kobolds
  3 quokkas
  6 bats
  5 frilled lizards
  A kobold zombie (D:3)
  4 rats
66 creatures vanquished.

Vanquished Creatures (others)
  6 fungi (D:3)
6 creatures vanquished.

Grand Total: 72 creatures vanquished

Notes
Turn   | Place    | Note
-------+----------+-------------------------------------------
     0 | D:1      | promet the Vine Stalker Fighter began the quest for the
                  | Orb.
     0 | D:1      | Reached XP level 1. HP: 11/11 MP: 2/2
    42 | D:1      | Reached XP level 2. HP: 10/16 MP: 1/3
   989 | D:1      | Reached XP level 3. HP: 16/20 MP: 4/4
  1354 | D:2      | Found a faded altar of an unknown god.
  2420 | D:3      | Noticed Pargi
  2493 | D:3      | Gained mutation: Your natural rate of healing is unusually
                  | fast. [Vine Stalker growth]
  2493 | D:3      | Reached XP level 4. HP: 22/24 MP: 5/5
  2624 | D:3      | Found a bloodstained altar of Trog.
  2626 | D:3      | Found a runed translucent door.
  2626 | D:3      | Noticed a human
  2736 | D:3      | Identified the +1 leather armour "Folekhla" {Dex+4}
  2965 | D:3      | Reached XP level 5. HP: 27/28 MP: 4/6
  3091 | D:3      | Noticed Natasha
  3131 | D:3      | Killed Natasha
  3260 | D:3      | Noticed Natasha
  3271 | D:3      | Killed Natasha
  3355 | D:3      | Noticed Ijyb
  3372 | D:3      | Killed Ijyb
  3524 | D:4      | Noticed Grinder
  3552 | D:4      | Slain by Grinder

Illustrated notes

Levels and vault maps discovered:
D:1:      minmay_arrival_cross, layout_loops_ring, minmay_misc_feat_encased,
          chequers_big_river, minmay_split_cup_small
D:2:      layout_basic, ebering_ecumenical_altar_petrified, hex_intersection,
          fountainhead
D:3:      layout_basic, dk_yredelemnul_ordeal, bloody_trog,
          dreamdust_mushroom_princess, uniq_ijyb, uniq_natasha, uniq_pargi
D:4:      layout_basic, uniq_grinder

Skill      XL: |  1  2  3  4  5 |
---------------+----------------+-----
Shields        | 3 |  3.2
Long Blades    | 2 3 |  3.2
Fighting       | 3 |  3.9
Armour         | 3 |  3.0
Throwing       | |  0.2
Dodging        | |  0.2
Stealth        | |  0.1
Evocations     | |  0.1

Action                   |  1- 3 |  4- 6 || total
-------------------------+-------+-------++-------
Melee: Long sword        |   123 |    57 ||   180
       Bite              |    24 |    16 ||    40
       Dagger            |       |     6 ||     6
Throw: Javelin           |       |     9 ||     9
       Boomerang         |       |     1 ||     1
       Dart              |       |     4 ||     4
Evoke: Wand              |     3 |       ||     3
  Use: Scroll            |     4 |     4 ||     8
       Potion            |       |     1 ||     1
 Stab: Invisible         |       |     1 ||     1
Armor: Scale mail        |    40 |       ||    40
       Chain mail        |    35 |     9 ||    44
Dodge: Dodged            |    43 |    21 ||    64
Block: Buckler           |    25 |    10 ||    35
